 Dungeon Crawl Stone Soup version 0.23.2-1-ga50397a6bc (webtiles) character file.

Game seed: 9370588848593019382

1220 Menchi the Shield-Bearer (level 8, 0/65 (67) HPs)
             Began as a Gnoll Fighter on May 3, 2019.
             Slain by Edmund
             ... wielding a +5 dire flail of draining
              (1 damage)
             ... on level 5 of the Dungeon.
             The game lasted 00:08:41 (3544 turns).

Menchi the Shield-Bearer (Gnoll Fighter)            Turns: 3544, Time: 00:08:41

HP:   0/65 (67)     AC:  8    Str: 23    XL:     8   Next: 47%
MP:   21/21         EV: 11    Int: 11    God:
Gold: 366           SH: 11    Dex: 20    Spells: 13/13 levels left

rFire    . . .     SeeInvis .   a - +1 long sword
rCold    . . .     Gourm    .   c - +0 shield
rNeg     . . .     Faith    .   y - +1 robe "Ivugoguc" {Dex+3}
rPois    .         Spirit   .   p - +0 helmet
rElec    .         Reflect  .   (no cloak)
rCorr    .         Harm     .   (no gloves)
MR       .....                  l - +0 pair of boots
Stlth    +.........             (no amulet)
HPRegen  0.20/turn              n - ring of magical power
MPRegen  0.17/turn              t - +2 ring of protection

@: mighty, very slightly contaminated, heavily drained, invisible, very slow
A: distributed training, fangs 1, strong nose
a: no special abilities


You were on level 5 of the Dungeon.
You were not hungry.

You visited 1 branch of the dungeon, and saw 5 of its levels.

You collected 366 gold pieces.

Inventory:

Hand Weapons
 a - a +1 long sword (weapon)
Armour
 c - a +0 shield (worn)
 l - a +0 pair of boots (worn)
 p - a +0 helmet (worn)
 y - the +1 robe "Ivugoguc" (worn) {Dex+3}
   (You found it on level 5 of the Dungeon)

   It affects your dexterity (+3).
Jewellery
 n - a ring of magical power (left hand)
 t - a +2 ring of protection (right hand)
Wands
 g - a wand of polymorph (10)
Scrolls
 b - a scroll of noise {unknown}
 h - a scroll of amnesia
 j - a scroll of enchant weapon
 m - a scroll of remove curse
 r - a scroll of immolation
 v - 2 scrolls of teleportation
 w - 2 scrolls of identify
Potions
 i - 3 potions of brilliance {unknown}
 k - 4 potions of curing
 q - a potion of degeneration {unknown}
 s - 2 potions of lignification {unknown}
 u - a potion of mutation {unknown}
Comestibles
 f - 10 rations


   Skills:
 + Level 7.3(5.7) Fighting
 + Level 3.2(1.7) Short Blades
 + Level 5.6(4.0) Long Blades
 + Level 3.2(1.7) Axes
 + Level 3.2(1.7) Maces & Flails
 + Level 3.2(1.7) Polearms
 + Level 3.2(1.7) Staves
 + Level 3.2(1.7) Slings
 + Level 3.2(1.7) Bows
 + Level 3.2(1.7) Crossbows
 + Level 3.2(1.7) Throwing
 + Level 7.3(5.7) Armour
 + Level 3.2(1.7) Dodging
 + Level 3.2(1.7) Stealth
 + Level 7.3(5.7) Shields
 + Level 3.2(1.7) Unarmed Combat
 + Level 3.2(1.7) Spellcasting
 + Level 2.6(1.1) Conjurations
 + Level 2.6(1.1) Hexes
 + Level 2.6(1.1) Charms
 + Level 2.6(1.1) Summonings
 + Level 2.6(1.1) Necromancy
 + Level 2.6(1.1) Translocations
 + Level 2.6(1.1) Transmutations
 + Level 2.6(1.1) Fire Magic
 + Level 2.6(1.1) Ice Magic
 + Level 2.6(1.1) Air Magic
 + Level 2.6(1.1) Earth Magic
 + Level 2.6(1.1) Poison Magic
 + Level 3.5(2.0) Invocations
 + Level 3.2(1.7) Evocations


You had 13 spell levels left.
You didn't know any spells.
Your spell library was empty.

Dungeon Overview and Level Annotations

Branches:
Dungeon (5/15)
 Temple: D:4-7

Altars:
Hepliaklqana
Wu Jian
Zin
The Shining One

Annotations:
D:5 Edmund


Innate Abilities, Weirdness & Mutations

Your experience applies equally to all skills.
You have very sharp teeth.
Your uncanny sense of smell can sniff out nearby items.


Message History

Edmund hits you with a +5 dire flail of draining.
* * * LOW HITPOINT WARNING * * *
You feel drained.
* * * LOW HITPOINT WARNING * * *
Your unstable footing causes you to fumble your attack.
Edmund splashes around in the water. x2
You slice Edmund!!
Edmund is severely wounded.
Edmund splashes around in the water.
You closely miss Edmund.
Edmund is severely wounded.
Edmund says, "People accused me of being a cutpurse!"
Edmund hits you but does no damage.
You feel drained.
Your unstable footing causes you to fumble your attack.
Edmund closely misses you.
Your unstable footing causes you to fumble your attack.
Edmund hits you with a +5 dire flail of draining!
* * * LOW HITPOINT WARNING * * *
You feel drained.
You die...

##.....##..##########..####.
#.....+..##..†≈≈≈≈≈##<.....
##....####.########.######.
#....# #≈##,....≈##.# #.
###### #≈#,,.P≈≈≈≈#.# #.
#≈#,,..≈!$≈#.# ##
#.#+,.PP!;≈#≈#
#..#,.P≈.≈##≈##
##@#*########≈## #
#)@#*,..(.≈##≈# #
##≈#,,..P[;;#.# #
*.#,,..P≈!;#.# #
*.#+,.P.≈≈≈#.# #
*..*,.≈.$≈##'## #
*#.**######...# # *##
##.#### #.....


You could see Edmund.

Vanquished Creatures
  4 ogres
  2 necrophages
  A scorpion (D:5)
  A bullfrog zombie (D:5)
  2 crimson imps
  An orc wizard (D:4)
  2 hounds (D:4)
  An iguana (D:4)
  3 worker ants
  Terence (D:2)
  Natasha (thrice) (D:2)
  Robin (D:2)
  4 gnolls (D:3)
  7 adders
  2 howler monkey skeletons (D:5)
  A shadow imp (D:5)
  3 worms
  A dart slug (D:2)
  6 leopard geckos
  20 orcs
  A ball python (D:1)
  5 bats
  5 giant cockroaches
  8 goblins
  8 hobgoblins
  16 jackals
  2 quokkas (D:4)
  5 frilled lizards
  2 kobolds
  A leopard gecko skeleton (D:4)
  A quokka skeleton (D:5)
  8 rats
128 creatures vanquished.

Notes
Turn   | Place    | Note
-------+----------+-------------------------------------------
     0 | D:1      | Menchi the Gnoll Fighter began the quest for the Orb.
     0 | D:1      | Reached XP level 1. HP: 23/23 MP: 1/1
    65 | D:1      | Reached XP level 2. HP: 29/29 MP: 2/2
   323 | D:1      | Reached XP level 3. HP: 28/35 MP: 3/3
   549 | D:2      | Noticed Natasha
   554 | D:2      | Killed Natasha
   554 | D:2      | Reached skill level 1 in Invocations
   560 | D:2      | Reached skill level 1 in Short Blades
   560 | D:2      | Reached skill level 1 in Axes
   560 | D:2      | Reached skill level 1 in Maces & Flails
   560 | D:2      | Reached skill level 1 in Polearms
   560 | D:2      | Reached skill level 1 in Staves
   560 | D:2      | Reached skill level 1 in Slings
   560 | D:2      | Reached skill level 1 in Bows
   560 | D:2      | Reached skill level 1 in Crossbows
   560 | D:2      | Reached skill level 1 in Throwing
   560 | D:2      | Reached skill level 1 in Dodging
   560 | D:2      | Reached skill level 1 in Stealth
   560 | D:2      | Reached skill level 1 in Unarmed Combat
   560 | D:2      | Reached skill level 1 in Spellcasting
   560 | D:2      | Reached skill level 1 in Evocations
   560 | D:2      | Reached XP level 4. HP: 13/41 MP: 3/5
   864 | D:2      | Noticed Terence
   880 | D:2      | Killed Terence
   906 | D:2      | Noticed Robin
   932 | D:2      | Reached skill level 1 in Conjurations
   932 | D:2      | Reached skill level 1 in Hexes
   932 | D:2      | Reached skill level 1 in Charms
   932 | D:2      | Reached skill level 1 in Summonings
   932 | D:2      | Reached skill level 1 in Necromancy
   932 | D:2      | Reached skill level 1 in Translocations
   932 | D:2      | Reached skill level 1 in Transmutations
   932 | D:2      | Reached skill level 1 in Fire Magic
   932 | D:2      | Reached skill level 1 in Ice Magic
   932 | D:2      | Reached skill level 1 in Air Magic
   932 | D:2      | Reached skill level 1 in Earth Magic
   932 | D:2      | Reached skill level 1 in Poison Magic
   962 | D:2      | Killed Robin
  1080 | D:2      | Reached XP level 5. HP: 28/47 MP: 6/6
  1164 | D:2      | Noticed Natasha
  1175 | D:2      | Killed Natasha
  1236 | D:2      | Noticed Natasha
  1246 | D:2      | Killed Natasha
  1796 | D:3      | Reached XP level 6. HP: 38/53 MP: 8/8
  1807 | D:3      | Found a glowing golden altar of the Shining One.
  2316 | D:4      | Reached skill level 5 in Long Blades
  2399 | D:4      | Reached XP level 7. HP: 47/59 MP: 10/10
  2529 | D:4      | Found an ornate altar of the Wu Jian Council.
  3009 | D:5      | Entered Level 5 of the Dungeon
  3195 | D:5      | Reached XP level 8. HP: 52/65 MP: 12/12
  3229 | D:5      | Found a glowing silver altar of Zin.
  3230 | D:5      | Found a hazy altar of Hepliaklqana.
  3264 | D:5      | Got a faintly humming robe
  3275 | D:5      | Identified the cursed +1 robe "Ivugoguc" {Dex+3} (You found
                  | it on level 5 of the Dungeon)
  3523 | D:5      | Noticed Edmund
  3544 | D:5      | HP: 1/65 [Edmund/+5 dire flail of draining (8)]
  3544 | D:5      | Slain by Edmund

Skill      XL: |  1  2  3  4  5  6  7  8 |
---------------+-------------------------+-----
Invocations    | 1 2 3 |  3.5
Short Blades   | 1 2 3 |  3.2
Axes           | 1 2 3 |  3.2
Maces & Flails | 1 2 3 |  3.2
Polearms       | 1 2 3 |  3.2
Staves         | 1 2 3 |  3.2
Slings         | 1 2 3 |  3.2
Bows           | 1 2 3 |  3.2
Crossbows      | 1 2 3 |  3.2
Throwing       | 1 2 3 |  3.2
Dodging        | 1 2 3 |  3.2
Stealth        | 1 2 3 |  3.2
Unarmed Combat | 1 2 3 |  3.2
Spellcasting   | 1 2 3 |  3.2
Evocations     | 1 2 3 |  3.2
Conjurations   | 1 2 |  2.6
Hexes          | 1 2 |  2.6
Charms         | 1 2 |  2.6
Summonings     | 1 2 |  2.6
Necromancy     | 1 2 |  2.6
Translocations | 1 2 |  2.6
Transmutations | 1 2 |  2.6
Fire Magic     | 1 2 |  2.6
Ice Magic      | 1 2 |  2.6
Air Magic      | 1 2 |  2.6
Earth Magic    | 1 2 |  2.6
Poison Magic   | 1 2 |  2.6
Long Blades    | 5 |  5.6
Fighting       | 7 |  7.3
Armour         | 7 |  7.3
Shields        | 7 |  7.3

Action                   |  1- 3 |  4- 6 |  7- 9 || total
-------------------------+-------+-------+-------++-------
Melee: Long sword        |    81 |   243 |   193 ||   517
       Bite              |     5 |    42 |    27 ||    74
  Use: Potion            |       |     1 |     2 ||     3
       Scroll            |       |       |    10 ||    10
  Eat: Chunk             |       |     6 |     4 ||    10
Armor: Scale mail        |    48 |    77 |    46 ||   171
       Robe              |       |       |    14 ||    14
Dodge: Dodged            |    42 |    99 |    74 ||   215
Block: Shield            |    62 |   153 |   122 ||   337
       Rpst.: Long sword |     9 |    31 |    21 ||    61
